 Dungeon Crawl Stone Soup version 0.25-a0-589-g1e14c549ee (webtiles) character file.

Game seed: 5209062973125051693, levelgen mode: deterministic

357 Anathary the Firebug (level 6, -2/33 HPs)
             Began as a Tengu Fire Elementalist on Mar 12, 2020.
             Slain by a worm (8 damage)
             ... on level 4 of the Dungeon.
             The game lasted 00:26:08 (4926 turns).

Anathary the Firebug (Tengu Fire Elementalist)      Turns: 4926, Time: 00:26:09

Health: -2/33      AC:  4    Str:  8    XL:     6   Next: 64%
Magic:  10/12      EV: 12    Int: 18    God:
Gold:   139        SH:  0    Dex: 14    Spells: 11/12 levels left

rFire    . . .     SeeInvis .   w - +3 scimitar (holy)
rCold    . . .     Gourm    .   (no shield)
rNeg     . . .     Faith    .   a - +1 robe
rPois    .         Spirit   .   (helmet restricted)
rElec    .         Reflect  .   j - +0 cloak
rCorr    .         Harm     .   (no gloves)
MR       .....                  (boots unavailable)
Stlth    ++........             (no amulet)
HPRegen  0.11/turn              (no ring)
MPRegen  0.13/turn              (no ring)

@: no status effects
A: beak, talons 3, able to fly
a: Fly


You were on level 4 of the Dungeon.
You were not hungry.

You visited 1 branch of the dungeon, and saw 4 of its levels.
You also visited: Ossuary.

You collected 139 gold pieces.

Inventory:

Hand Weapons
 b - a -3 whip
 l - a +1 dagger of speed
 w - a +3 scimitar of holy wrath (weapon)
Armour
 a - a +1 robe (worn)
 d - a +1 helmet
 j - a +0 cloak (worn)
Jewellery
 p - an uncursed amulet of rage {unknown}
Scrolls
 f - 3 scrolls of identify
 h - a scroll of fog
 k - 3 scrolls of magic mapping
 n - 3 scrolls of remove curse
 o - a scroll of amnesia {unknown}
 q - a scroll of brand weapon {unknown}
 t - 2 scrolls of immolation {unknown}
 v - a scroll of blinking {unknown}
Potions
 i - 2 potions of haste {unknown}
 r - a potion of resistance {unknown}
 s - 3 potions of lignification {unknown}
 u - a potion of stabbing {unknown}
Comestibles
 c - 3 rations


   Skills:
 - Level 0.6 Fighting
 * Level 0.8 Long Blades
 - Level 1.6 Maces & Flails
 - Level 2.1 Dodging
 - Level 2.0 Stealth
 + Level 3.6 Spellcasting
 + Level 4.1 Conjurations
 + Level 5.4 Fire Magic


You had 11 spell levels left.
You knew the following spells:

 Your Spells              Type           Power        Failure   Level  Hunger
a - Foxfire               Conj/Fire      ###.         2%          1    None

Your spell library contained the following spells:

 Spells                   Type           Power        Failure   Level  Hunger
 Conjure Flame            Conj/Fire      ###.....     6%          3    ###....
 Inner Flame              Hex/Fire       ##......     16%         3    ###....
 Sticky Flame             Conj/Fire      ###.....     22%         4    ####...
 Fireball                 Conj/Fire      ###.......   52%         5    ######.


Dungeon Overview and Level Annotations

Branches:
Dungeon (4/15)            Ossuary (visited)
 Temple: D:4-7

Altars:
Elyvilon
Wu Jian
Zin


Innate Abilities, Weirdness & Mutations

You have a beak for a mouth.
You have claws for feet.
You can fly continuously.


Message History

The iguana is severely wounded.
The iguana bites you!
You barely miss the iguana. Your kick misses the iguana.
You peck the iguana, but do no damage.
The iguana is severely wounded.
The iguana completely misses you.
You riposte.
You hit the iguana.
The iguana is almost dead.
You hit the iguana but do no damage. Your kick misses the iguana.
The iguana is almost dead.
The iguana bites you! x2
* * * LOW HITPOINT WARNING * * *
You hit the iguana.
The iguana is almost dead.
The iguana closely misses you.
You hit the iguana.
You kill the iguana!
You hit the worm. You peck the worm.
The worm is heavily wounded.
The worm bites you!
You die...

.##..#**###....###.###.#
.#*.....,............<.#
.....###**#..........#.#
.##..#*####............#
...,..,..............#.#
#.#,*,,***#.....##...#.#
*.#,*,,,,*#..........#.####
,,,,,,,*,*#...#<..........#***
,,,,,,,,,*#.#...@..########*,*
,,,,,,,,,*#.#.#w#### *** *,*
,,,,,,,,,,..#.#.# *,* *,*
,,,,,,,,,##.#.#.## *,* *,*
,,,,,,,*,*#.#.#..### *,* *,*
,,,,,,,,,,..#......###.##***,*
,,,,,,,*,,*,#............,,,,*
,,,,,,,*,,*,#...$#.###.##***,*
,,,,,,,+,,,,#....#.#**,*****,*


You could see a worm.

Vanquished Creatures
  Blork the orc (D:4)
  A scorpion (D:4)
  A centaur zombie (Ossuary)
  A human zombie (Ossuary)
  An iguana (D:4)
  A worker ant (D:4)
  2 mummies (Ossuary)
  3 adders (D:4)
  An ooze (D:3)
  2 worms
  3 leopard geckos
  5 orcs (D:3)
  A ball python (D:3)
  2 giant cockroaches
  2 goblins (D:1)
  6 hobgoblins
  5 jackals (D:3)
  A quokka (D:3)
  2 bats
  A goblin zombie (Ossuary)
  7 hobgoblin zombies (Ossuary)
  4 jackal zombies (Ossuary)
  3 kobolds (D:1)
  14 kobold zombies (Ossuary)
  7 orc zombies (Ossuary)
  4 rats
  2 rat zombies (Ossuary)
83 creatures vanquished.

Vanquished Creatures (others)
  233 foxfires
233 creatures vanquished.

Grand Total: 316 creatures vanquished

Notes
Turn   | Place    | Note
-------+----------+-------------------------------------------
     0 | D:1      | Anathary the Tengu Fire Elementalist began the quest for
                  | the Orb.
     0 | D:1      | Reached XP level 1. HP: 10/10 MP: 4/4
   404 | D:1      | Reached XP level 2. HP: 10/15 MP: 4/6
   878 | D:1      | Reached skill level 4 in Fire Magic
  1469 | D:2      | Found an ornate altar of the Wu Jian Council.
  1473 | D:2      | Found a glowing silver altar of Zin.
  1474 | D:2      | Found a white marble altar of Elyvilon.
  1486 | D:2      | Reached XP level 3. HP: 19/19 MP: 4/7
  1519 | D:2      | You fall into a shaft and drop 1 floor!
  2532 | D:3      | Reached XP level 4. HP: 24/24 MP: 2/8
  2644 | D:4      | Found a sand-covered staircase.
  2658 | Ossuary  | Entered an ossuary
  3584 | Ossuary  | Gained mutation: You can fly continuously. [Tengu growth]
  3584 | Ossuary  | Reached XP level 5. HP: 7/28 MP: 7/10
  3839 | Ossuary  | Reached skill level 1 in Maces & Flails
  3926 | Ossuary  | Reached skill level 5 in Fire Magic
  4354 | D:4      | Reached XP level 6. HP: 11/33 MP: 5/11
  4558 | D:4      | Noticed Blork the orc
  4610 | D:4      | Killed Blork the orc
  4926 | D:4      | Slain by a worm

Levels and vault maps discovered:
D:1:      dpeg_arrival_water_temple_mockup, layout_basic
D:2:      layout_loops_ring, grunt_temple_overflow_open, uniq_natasha
D:3:      layout_basic, glass_columns_a
D:4:      layout_basic, first_ration, enter_ossuary_3, uniq_blork_the_orc

Skill      XL: |  1  2  3  4  5  6 |
---------------+-------------------+-----
Fire Magic     | 4 5 |  5.4
Conjurations   | 2 3 4 |  4.1
Spellcasting   | 3 |  3.6
Maces & Flails | 1 |  1.6
Fighting       | |  0.6
Long Blades    | |  0.8
Dodging        | |  2.1
Stealth        | |  2.0

Action                   |  1- 3 |  4- 6 || total
-------------------------+-------+-------++-------
Melee: Whip              |    23 |    72 ||    95
       Peck              |     4 |    13 ||    17
       Kick              |     3 |    26 ||    29
       Scimitar          |       |    10 ||    10
 Cast: Foxfire           |    59 |    87 ||   146
  Use: Scroll            |       |     7 ||     7
  Eat: Ration            |     2 |     2 ||     4
Armor: Robe              |     8 |    15 ||    23
Dodge: Dodged            |    14 |    62 ||    76
       Rpst.: Scimitar   |       |     1 ||     1

Table legend:
 A = Non-vault XP
 B = Vault XP
 C = Vault XP percentage of total XP
 D = Non-vault monster count
 E = Vault monster count
 F = Vault count percentage of total count
                 A         B        C        D         E       F
            +---------+---------+-------+---------+---------+-------
      Total |     265 |     245 |  48.0 |      43 |      40 |  48.2
            +---------+---------+-------+---------+---------+-------
        D:1 |      24 |       0 |   0.0 |      13 |       0 |   0.0
        D:2 |      12 |       0 |   0.0 |       5 |       0 |   0.0
        D:3 |      50 |       0 |   0.0 |      19 |       0 |   0.0
        D:4 |     179 |      85 |  32.2 |       6 |       1 |  14.3
    Ossuary |       0 |     160 | 100.0 |       0 |      39 | 100.0
            +---------+---------+-------+---------+---------+-------
